 Dungeon Crawl Stone Soup version 0.28.0-53-g5a82cb258f (webtiles) character file.

Game seed: 16873529882167721854

8607 nickcage the Arsonist (level 10, -1/69 HPs)
             Began as a Demigod Fire Elementalist on May 24, 2022.
             Slain by Sonja
             ... wielding a +1 short sword of venom
              (3 damage)
             ... on level 10 of the Dungeon.
             The game lasted 00:47:34 (14801 turns).

nickcage the Arsonist (Demigod Fire Elementalist)  Turns: 14801, Time: 00:47:35

Health: -1/69      AC:  6    Str:  9    XL:     10   Next: 88%
Magic:  22/26      EV: 16    Int: 29    God:
Gold:   221        SH:  0    Dex: 14    Spells: 1/25 levels left

rFire   . . .      SeeInvis .   e - +6 dagger (protect)
rCold   . . .      Faith    .   (no shield)
rNeg    . . .      Spirit   .   a - +0 robe
rPois   .          Reflect  .   (no helmet)
rElec   .          Harm     .   h - +1 cloak
rCorr   .          Rampage  .   c - +0 pair of gloves
Will    +....                   g - +0 pair of boots
Stlth   ++........              (no amulet)
HPRegen 0.21/turn               G - +4 ring of evasion
MPRegen 0.20/turn               (no ring)

@: lethally poisoned (-1 -> -19), hasted and slowed
A: high MP 1, forlorn, divine attributes
a: no special abilities


You were on level 10 of the Dungeon.
You visited 1 branch of the dungeon, and saw 10 of its levels.
You also visited: Ossuary and Bailey.

You collected 989 gold pieces.
You spent 768 gold pieces at shops.

Inventory:

Hand Weapons
 d - a +0 dagger
 e - a +6 dagger of protection (weapon)
 H - a +4 scimitar of flaming
Armour
 a - a +0 robe (worn)
 b - +0 shadow dragon scales
 c - a +0 pair of gloves (worn)
 g - a +0 pair of boots (worn)
 h - a +1 cloak (worn)
Magical Staves
 y - a staff of poison
Jewellery
 G - a +4 ring of evasion (left hand)
Wands
 j - a wand of digging (6)
 p - a wand of flame (20)
 s - a wand of mindburst (11)
 B - a wand of paralysis (6)
 E - a wand of iceblast (4)
Scrolls
 k - 7 scrolls of teleportation
 r - 2 scrolls of enchant weapon
 t - 2 scrolls of fear
 u - a scroll of blinking
 z - a scroll of identify
 J - a scroll of magic mapping
Potions
 f - 7 potions of curing
 i - a potion of cancellation
 l - a potion of might
 m - a potion of invisibility
 n - a potion of brilliance
 o - 3 potions of attraction
 q - 3 potions of flight
 v - a potion of resistance
 w - 5 potions of mutation
 x - a potion of magic
 C - a potion of degeneration
 I - a potion of ambrosia


   Skills:
 - Level 1.7 Dodging
 - Level 1.7 Stealth
 + Level 0.5 Shields
 + Level 8.3 Spellcasting
 * Level 6.0 Conjurations
 - Level 4.0 Hexes
 + Level 9.9 Fire Magic
 - Level 0.2 Ice Magic
 - Level 1.2 Air Magic
 - Level 5.0 Poison Magic


You had one spell level left.
You knew the following spells:

 Your Spells              Type           Power      Damage    Failure   Level
b - Scorch                Fire           100%       2d10      1%          2
c - Magic Dart            Conj           100%       1d8       1%          1
d - Flame Wave            Conj/Fire      55%        2d11      1%          4
e - Conjure Flame         Conj/Fire      55%        6-21      1%          3
f - Fulminant Prism       Conj/Hex       20%        3d13      5%          4
g - Olgreb's Toxic Radia  Pois           41%        N/A       5%          4
h - Starburst             Conj/Fire      27%        6d9       26%         6

Your spell library contained the following spells:

 Spells                   Type           Power      Damage    Failure   Level
 Foxfire                  Conj/Fire      100%       2x1d9     1%          1
 Animate Skeleton         Necr           24%        N/A       4%          1
 Pain                     Necr           48%        1d6       4%          1
 Poisonous Vapours        Pois/Air       60%        N/A       1%          2
 Searing Ray              Conj           94%        2d7       1%          2
 Dazzling Flash           Conj/Hex       82%        N/A       1%          3
 Ignite Poison            Fire/Tmut/Pois 41%        N/A       1%          3
 Inner Flame              Hex/Fire       51%        N/A       1%          3
 Ensorcelled Hibernation  Hex/Ice        48%        N/A       2%          2
 Mephitic Cloud           Conj/Pois/Air  35%        N/A       2%          3
 Stone Arrow              Conj/Erth      58%        3d10      3%          3
 Spider Form              Tmut/Pois      26%        N/A       4%          3
 Corpse Rot               Necr/Air       30%        N/A       5%          2
 Portal Projectile        Hex/Tloc       46%        N/A       6%          3
 Ozocubu's Armour         Ice            13%        N/A       12%         3
 Call Canine Familiar     Summ           12%        N/A       13%         3
 Vampiric Draining        Necr           12%        2d6       13%         3
 Iskenderun's Mystic Bla  Conj/Tloc      29%        2d7       13%         4
 Anguish                  Hex/Necr       11%        N/A       19%         4
 Leda's Liquefaction      Hex/Erth       11%        N/A       19%         4
 Animate Armour           Summ/Erth      24%        N/A       41%         4
 Animate Dead             Necr           6%         N/A       41%         4
 Dispel Undead            Necr           12%        3d9       41%         4
 Freezing Cloud           Conj/Ice/Air   13%        6-21      41%         5
 Metabolic Englaciation   Hex/Ice        12%        N/A       45%         5
 Summon Mana Viper        Hex/Summ       23%        N/A       47%         5
 Borgnjor's Vile Clutch   Necr/Erth      6%         N/A       77%         5
 Lee's Rapid Deconstruct  Erth           6%         3d7*      77%         5
 Summon Forest            Summ/Tloc      6%         N/A       77%         5
 Eringya's Noxious Bog    Tmut/Pois      13%        N/A       94%         6
 Ignition                 Fire           31%        3d10      99%         8
 Death Channel            Necr           6%         N/A       100%        6
 Simulacrum               Ice/Necr       6%         N/A       100%        6
 Statue Form              Tmut/Erth      8%         N/A       100%        6
 Summon Cactus Giant      Summ           6%         N/A       100%        6
 Ozocubu's Refrigeration  Ice            6%         4d6       100%        7
 Summon Hydra             Summ           6%         N/A       100%        7
 Lehudib's Crystal Spear  Conj/Erth      14%        10d5      100%        8


Dungeon Overview and Level Annotations

Branches:
Dungeon (10/15)            Temple (0/1) D:5            Lair (0/6) D:9
    Orc (0/2) D:10        Ossuary (visited)          Bailey (visited)

Shops:
D:5 =   D:9 :   D:10 *

Annotations:
D:10 Sonja


Innate Abilities, Weirdness & Mutations

You have an increased reservoir of magic. (+10% MP)
You shall have no god before yourself.
Your divine heritage dramatically boosts your attributes as you level up.


Message History

A centaur warrior zombie comes into view.
Sonja throws a curare-tipped dart.
The curare-tipped dart hits you.
You are poisoned.
You have difficulty breathing.
You feel as though you will be slow longer.
You feel very sick.
Sonja throws a curare-tipped dart.
The curare-tipped dart barely misses you.
You feel very sick.
You feel sick.
You feel yourself speed up.
You feel sick. Sonja barely misses you. Sonja hits you but does no damage.
You are more poisoned.
Sonja barely misses you.
You are too injured to fight recklessly!
Casting: Scorch (safe; 1% risk of failure)
Press: ? - help, Q - select action, (/) - cycle Dir - look around, f - activate Flames lash Sonja.
Sonja is moderately wounded.
Sonja's fire resistance burns away.
You feel very sick.
Sonja twirls her cape.
Sonja hits you with a +1 short sword of venom.
* * * LOW HITPOINT WARNING * * *
Sonja completely misses you.
Sonja hits you with a +1 short sword of venom.
* * * LOW HITPOINT WARNING * * *
Sonja hits you with a +1 short sword of venom.
* * * LOW HITPOINT WARNING * * *
You are more poisoned.
Sonja hits you but does no damage. Sonja barely misses you.
Casting: Scorch (safe; 1% risk of failure)
Press: ? - help, Q - select action, (/) - cycle Dir - look around, f - activate Flames lash Sonja.
Sonja is burned terribly!
Sonja is severely wounded.
* * * LOW HITPOINT WARNING * * *
You feel very sick. Sonja closely misses you.
Sonja hits you with a +1 short sword of venom.
You die...

# #.........# #..........#
###.........###..........#
..............#..........#
###>........#.#..........#
#.........#.#..........#
#.........#.'..........#
#######.#####.....>....#
#......# ##'#########
#+####### #@# ...Z...
#K########
.......####....)...#
......$K...#######+###
.......###..#........#
....... ##.'........#
....... ###........#
....... #........# .......
#........#


You could see Sonja (combustible).

Vanquished Creatures
  Erica (D:9)
  A deep elf pyromancer (D:9)
  2 trolls
  A hornet (D:9)
  Grinder (D:5)
  2 vampires
  11 yaks
  Grum (D:9)
  2 steam dragons
  2 water moccasins
  10 orc warriors
  3 sky beasts
  2 necrophages
  An ogre (D:6)
  An ice beast (D:7)
  2 wolves (D:9)
  2 centaurs (D:8)
  5 kobold brigands
  A bullfrog (D:9)
  A wyvern zombie (D:7)
  3 scorpions
  A water moccasin zombie (D:4)
  A water moccasin skeleton (D:6)
  6 killer bees (D:8)
  3 centaur zombies
  2 hounds
  A jelly (D:5)
  Crazy Yiuf (D:6)
  A bullfrog zombie (D:5)
  3 orc priests
  Ijyb (D:3)
  5 iguanas
  A centaur skeleton (D:2)
  11 orc wizards
  Natasha (twice) (D:3)
  3 killer bee zombies (D:8)
  A hound skeleton (D:5)
  12 mummies (Ossuary)
  2 howler monkey zombies
  Robin (D:3)
  3 gnolls (D:4)
  2 howler monkey skeletons
  4 adders
  A white imp (D:6)
  3 worms (D:2)
  3 dart slugs
  30 orcs
  7 bats
  4 endoplasms
  7 giant cockroaches
  18 goblins
  12 hobgoblins
  8 jackals
  5 quokkas
  9 ball pythons
  6 frilled lizards
  2 gnoll skeletons (Ossuary)
  2 goblin skeletons (Ossuary)
  31 kobolds
  A kobold skeleton (Ossuary)
  3 orc skeletons (Ossuary)
  7 rats
  11 rat skeletons (Ossuary)
292 creatures vanquished.

Vanquished Creatures (others)
  15 foxfires (D:1)
  7 fungi (D:9)
  9 plants
31 creatures vanquished.

Grand Total: 323 creatures vanquished

Notes
Turn   | Place    | Note
-------+----------+-------------------------------------------
     0 | D:1      | nickcage the Demigod Fire Elementalist began the quest for
                  | the Orb.
     0 | D:1      | Reached XP level 1. HP: 14/14 MP: 5/5
   169 | D:1      | Reached skill level 3 in Fire Magic
   277 | D:1      | Reached XP level 2. HP: 14/20 MP: 4/7
   280 | D:1      | Learned a level 2 spell: Scorch
   436 | D:1      | Reached skill level 1 in Conjurations
  1354 | D:1      | Reached XP level 3. HP: 26/26 MP: 1/9
  1590 | D:2      | Learned a level 1 spell: Magic Dart
  2309 | D:2      | Reached skill level 4 in Fire Magic
  2824 | D:2      | Reached XP level 4. HP: 29/33 MP: 2/10
  3421 | D:3      | Noticed Robin
  3431 | D:3      | Killed Robin
  3756 | D:3      | Noticed Natasha
  3759 | D:3      | Noticed a necrophage
  3762 | D:3      | Killed Natasha
  3763 | D:3      | Reached skill level 5 in Fire Magic
  3765 | D:3      | Killed a necrophage
  3766 | D:3      | Reached XP level 5. HP: 38/38 MP: 0/11
  3771 | D:3      | Learned a level 4 spell: Flame Wave
  4144 | D:3      | Noticed Ijyb
  4152 | D:3      | Killed Ijyb
  4441 | D:3      | Noticed Natasha
  4447 | D:3      | Killed Natasha
  4448 | D:3      | Reached skill level 6 in Fire Magic
  4590 | D:3      | Reached XP level 6. HP: 33/45 MP: 0/12
  4873 | D:4      | Reached skill level 7 in Fire Magic
  5196 | D:4      | Found a sand-covered staircase.
  5202 | Ossuary  | Entered an ossuary
  5339 | Ossuary  | Reached XP level 7. HP: 50/50 MP: 8/13
  6389 | D:5      | Entered Level 5 of the Dungeon
  6394 | D:5      | Learned a level 3 spell: Conjure Flame
  6465 | D:5      | Found Geskuh's Jewellery Shoppe.
  6784 | D:5      | Noticed Grinder
  6795 | D:5      | Killed Grinder
  6796 | D:5      | Reached XP level 8. HP: 57/57 MP: 8/18
  6898 | D:5      | Reached skill level 5 in Spellcasting
  6898 | D:5      | Reached skill level 8 in Fire Magic
  6903 | D:5      | Learned a level 4 spell: Fulminant Prism
  7322 | D:5      | Found a staircase to the Ecumenical Temple.
  7506 | D:5      | Identified a scroll of acquirement
  7506 | D:5      | Acquired the Unrestrained Analects
  8268 | D:6      | Found a runed translucent door.
  8269 | D:6      | Noticed Crazy Yiuf
  8274 | D:6      | Killed Crazy Yiuf
  8585 | D:6      | Learned a level 4 spell: Olgreb's Toxic Radiance
  9029 | D:7      | Reached skill level 1 in Poison Magic
  9029 | D:7      | Reached XP level 9. HP: 45/62 MP: 16/23
  9304 | D:7      | Found a runed translucent door.
 10145 | D:6      | Reached skill level 9 in Fire Magic
 10374 | D:7      | Reached skill level 1 in Hexes
 10882 | D:8      | Reached skill level 1 in Air Magic
 11377 | D:8      | Found a flagged portal.
 11384 | Bailey   | Entered a bailey
 11670 | Bailey   | Noticed an orc knight
 12123 | D:8      | Reached XP level 10. HP: 69/69 MP: 12/24
 12421 | D:8      | Reached skill level 5 in Conjurations
 13195 | D:9      | Noticed Erica
 13205 | D:9      | Killed Erica
 13219 | D:9      | Reached skill level 5 in Poison Magic
 13327 | D:9      | Noticed a deep elf pyromancer
 13339 | D:9      | Killed a deep elf pyromancer
 13441 | D:9      | Noticed Grum
 13448 | D:9      | Killed Grum
 14033 | D:9      | Found a staircase to the Lair.
 14096 | D:9      | Found Pake's Book Boutique.
 14099 | D:9      | Bought a Trismegistus Codex for 336 gold pieces
 14099 | D:9      | Bought a book of the Earth for 432 gold pieces
 14106 | D:9      | Learned a level 6 spell: Starburst
 14232 | D:10     | Entered Level 10 of the Dungeon
 14470 | D:10     | Found Gozag's Platinum Reserve.
 14791 | D:10     | Found a staircase to the Orcish Mines.
 14791 | D:10     | Noticed Sonja
 14801 | D:10     | HP: 2/69 [poisoned by Sonja]
 14801 | D:10     | Slain by Sonja

Illustrated notes

Levels and vault maps discovered:
D:1:      wander_arrival_chamber, layout_basic, nicolae_ecumenical_lake_church,
          minmay_heptomino_l4
D:2:      minmay_recursive_quarters, layout_loops_ring, minmay_puff
D:3:      layout_basic, mainiacjoe_overflow_boulevard, uniq_robin, uniq_ijyb,
          uniq_natasha
D:4:      layout_loops_ring, kennysheep_mini_moat,
          nicolae_ossuary_entry_monument
D:5:      layout_rooms, mainiacjoe_overflow_surrounded_room,
          lemuel_temple_firewalk_a, serial_shops,
          nicolae_shop_temple_entry_statues_fountains, uniq_grinder
D:6:      layout_basic, nicolae_figureground_pulse, uniq_crazy_yiuf_cottage
D:7:      layout_loops_ring, nicolae_qazlal_style_of_elements,
          chequers_serial_rivers_small_b, lightli_church_of_beogh
D:8:      corexii_shack_village, layout_cave_pools,
          grunt_temple_overflow_magic_moments, mainiacjoe_overflow_brackets,
          enter_bailey_3, serial_bayou_pond_e
D:9:      layout_rooms, amcnicky_altar_gilded, nicolae_wu_jian_wuxing_cycle,
          dpeg_oklobed_lair, serial_shops, nicolae_shop_window_shopping,
          uniq_erica, uniq_grum
D:10:     layout_roguey, nicolae_gozag_zags_fifth_avenue,
          grunt_temple_overflow_order_and_chaos_1, orc_0_dummy,
          minmay_crystal_water, uniq_harold, uniq_sonja, uniq_psyche

Skill      XL: |  1  2  3  4  5  6  7  8  9 10 |
---------------+-------------------------------+-----
Fire Magic     | 3 4 5 6 7 8 9 |  9.9
Spellcasting   | 2 4 6 7 8 |  8.3
Conjurations   | 1 2 3 4 6 |  6.0
Poison Magic   | 1 4 5 |  5.0
Hexes          | 3 4 |  4.0
Air Magic      | 1 |  1.2
Dodging        | |  1.7
Stealth        | |  1.7
Shields        | |  0.5
Ice Magic      | |  0.2

Action                   |  1- 3 |  4- 6 |  7- 9 | 10-12 || total
-------------------------+-------+-------+-------+-------++-------
Melee: Dagger            |    37 |    25 |    39 |     3 ||   104
       Unarmed           |     1 |       |       |       ||     1
       Punch             |     1 |       |       |       ||     1
 Cast: Foxfire           |    12 |       |       |       ||    12
       Scorch            |    43 |    70 |   218 |    85 ||   416
       Magic Dart        |    11 |     3 |    17 |     3 ||    34
       Flame Wave        |       |       |     7 |     6 ||    13
       Conjure Flame     |       |       |     2 |     1 ||     3
       Olgreb's Toxic Ra |       |       |       |     1 ||     1
  Use: Scroll            |       |     8 |    19 |     4 ||    31
       Potion            |       |       |     2 |     4 ||     6
 Stab: Sleeping          |       |     2 |       |       ||     2
Armor: Robe              |     6 |    10 |    37 |     8 ||    61
Dodge: Dodged            |    26 |    33 |    82 |    33 ||   174
